 Dungeon Crawl Stone Soup version 0.17-a0-848-g7e5c6af (webtiles) character file.

134 xeno23 the Ogre Mage (level 5, -5/48 HPs)
             Began as an Ogre Wizard on Apr 27, 2015.
             Killed from afar by Jessica (7 damage)
             ... with a wand of flame
             ... on level 3 of the Dungeon.
             The game lasted 00:11:21 (3538 turns).

xeno23 the Ogre Mage (Ogre Wizard)                  Turns: 3538, Time: 00:11:21

Health: -5/48      AC:  3    Str: 13    XL:     5   Next: 17%
Magic:  10/12      EV: 10    Int: 17    God:
Gold:   172        SH:  0    Dex: 11    Spells: 5 memorised, 4 levels left

rFire  . . .     SeeInvis .     n - +0 morningstar
rCold  . . .     Clarity  .     a - +0 robe
rNeg   . . .     SustAb   .     (no shield)
rPois  .         Gourm    .     b - +0 hat
rElec  .         Spirit   .     (no cloak)
rCorr  .         Warding  .     (gloves unavailable)
rMut   .         Stasis   .     (boots unavailable)
MR     .....                    (no amulet)
Stlth  +.........               (no ring)
                                f - +3 ring of dexterity

@: not resistant to hostile enchantments, very unstealthy
A: unfitting armour, tough skin 1
a: no special abilities


You were on level 3 of the Dungeon.
You were near starving.

You visited 1 branch of the dungeon, and saw 3 of its levels.

You collected 172 gold pieces.

Inventory:

Hand weapons
 n - a +0 morningstar (weapon)
 q - a +0 trident
Missiles
 s - 12 javelins (quivered)
Armour
 a - a +0 robe (worn)
 b - a +0 hat (worn)
Jewellery
 f - a +3 ring of dexterity (left hand)
Scrolls
 h - 3 scrolls of remove curse {unknown}
 m - 2 scrolls of identify {unknown}
 o - a scroll of enchant weapon {unknown}
 t - a scroll of teleportation {unknown}
 u - 2 scrolls of random uselessness {unknown}
Potions
 e - a potion of heal wounds {unknown}
 j - 2 potions of ambrosia {unknown}
 k - a potion of cancellation {unknown}
 v - a potion of brilliance {unknown}
Books
 c - a book of Minor Magic

   Spells                             Type                      Level
   a - Magic Dart                     Conjuration                  1
   b - Blink                          Translocation                2
   c - Call Imp                       Summoning                    2
   d - Repel Missiles                 Charms/Air                   2
   e - Slow                           Hexes                        2
   f - Conjure Flame                  Conjuration/Fire             3
   g - Mephitic Cloud                 Conjuration/Poison/Air       3
 p - a book of Envenomations

   Spells                             Type                      Level
   a - Spider Form                    Transmutation/Poison         3
   b - Alistair's Intoxication        Transmutation/Poison         4
   c - Olgreb's Toxic Radiance        Poison                       4
   d - Poisonous Cloud                Conjuration/Poison/Air       6
Comestibles
 d - 2 bread rations
 g - a meat ration
 i - a slice of pizza
 l - a royal jelly
 r - a beef jerky


   Skills:
 + Level 1.1 Fighting
 * Level 2.0 Maces & Flails
 * Level 1.5 Throwing
 - Level 1.7 Dodging
 - Level 1.5 Stealth
 + Level 5.3 Spellcasting
 * Level 1.3 Conjurations
 - Level 0.6 Summonings
 - Level 0.6 Translocations


You had 4 spell levels left.
You knew the following spells:

 Your Spells              Type           Power        Failure   Level  Hunger
a - Magic Dart            Conj           #...         10%         1    None
b - Blink                 Tloc           N/A          21%         2    #......
c - Call Imp              Summ           #.......     21%         2    #......
d - Conjure Flame         Conj/Fire      #.......     38%         3    ##.....
r - Repel Missiles        Chrm/Air       #.....       24%         2    #......


Dungeon Overview and Level Annotations

Branches:
Dungeon (3/15)

Altars:

Annotations:
D:3 Jessica


Innate Abilities, Weirdness & Mutations

You are too large for most types of armour.
You have tough skin (AC +1).


Message History

Jessica zaps a wand.
The puff of flame hits you!
* * * LOW HITPOINT WARNING * * *
It is a wand of flame.
Things that are here:
a short sword; a chunk of flesh; an orc skeleton You take 11 damage.
Casting: Magic Dart
Confirm with . or Enter, or press ? or * to list all spells.
A shadowy apparition takes form in the air.
Jessica zaps a wand.
The puff of flame hits you!
* * * LOW HITPOINT WARNING * * *
You take 12 damage.
You swap places.
Jessica zaps a wand.
The puff of flame hits your shadow imp.
Your shadow imp gestures at Jessica.
Jessica barely resists.
Your shadow imp barely misses Jessica.
Jessica zaps a wand.
The puff of flame hits your shadow imp.
Your shadow imp dies!
Jessica zaps a wand.
The puff of flame hits you!
You die...

# ##.# # . #.. ..# . ...
.#..###.# ###....
....##@# ..... .. ...##.#
... .. #..#..#
.###.######..#..#
.............#..#########
................@........
.####.####...#.##########
......# #...........
.###..# #..##.######
.###..# #..##.####
....<.####........#
............##.####
####..............
#####.#####.##.###


You could see Jessica.

Vanquished Creatures
  Natasha (thrice) (D:3)
  3 adders
  An ooze (D:3)
  3 giant geckos
  5 orcs (D:3)
  7 giant cockroaches
  7 goblins
  7 hobgoblins
  A jackal (D:1)
  5 kobolds
  6 bats
  3 giant newts
  9 rats
60 creatures vanquished.

Vanquished Creatures (others)
  A crimson imp (D:3)
  2 shadow imps (D:3)
3 creatures vanquished.

Grand Total: 63 creatures vanquished

Notes
Turn   | Place    | Note
--------------------------------------------------------------
     0 | D:1      | xeno23, the Ogre Wizard, began the quest for the Orb.
     0 | D:1      | Reached XP level 1. HP: 16/16 MP: 5/5
   167 | D:1      | Reached skill level 4 in Spellcasting
   316 | D:1      | Reached XP level 2. HP: 21/24 MP: 7/7
   320 | D:1      | Learned a level 2 spell: Blink
   323 | D:1      | Learned a level 2 spell: Call Imp
   326 | D:1      | Learned a level 2 spell: Repel Missiles
  1510 | D:2      | Reached XP level 3. HP: 23/31 MP: 1/9
  1837 | D:2      | Reached skill level 5 in Spellcasting
  1992 | D:2      | Learned a level 3 spell: Conjure Flame
  2278 | D:2      | Reached XP level 4. HP: 32/40 MP: 8/11
  2383 | D:3      | Noticed Natasha
  2389 | D:3      | Killed Natasha
  2389 | D:3      | Reached skill level 1 in Fighting
  2389 | D:3      | Reached skill level 1 in Maces & Flails
  2389 | D:3      | Reached skill level 1 in Throwing
  2389 | D:3      | Reached skill level 1 in Conjurations
  2446 | D:3      | Noticed Natasha
  2450 | D:3      | Killed Natasha
  3093 | D:3      | Reached XP level 5. HP: 48/48 MP: 12/12
  3149 | D:3      | Noticed Natasha
  3180 | D:3      | Killed Natasha
  3532 | D:3      | Noticed Jessica
  3533 | D:3      | HP: 2/48 [Jessica/wand of flame (13)]
  3538 | D:3      | Killed from afar by Jessica

Action                   |  1- 3 |  4- 6 || total
-------------------------+-------+-------++-------
Melee: Unarmed           |   134 |       ||   134
       Trident           |    39 |     2 ||    41
       Morningstar       |       |    78 ||    78
Throw: Javelin           |       |     3 ||     3
 Cast: Magic Dart        |    59 |    12 ||    71
       Call Imp          |     1 |     4 ||     5
       Repel Missiles    |     1 |       ||     1
 Stab: Sleeping          |     2 |       ||     2
  Eat: Chunk             |     4 |     3 ||     7
